 Dungeon Sprint DCSS version 0.30.1-11-g7821555f0a (webtiles) character file.

Game seed: 947125957283605958

18697 Heoruswealwe the Phalangite (level 12, 0/130 HPs)
             Began as a Minotaur Fighter on Nov 3, 2023.
             Was an Initiate of Gozag.
             Slain by a stone giant (24 damage)
             ... in the Dungeon (Sprint IX: "|||||||||||||||||||||||||||||").
             The game lasted 00:19:10 (2406 turns).

Heoruswealwe the Phalangite (Minotaur Fighter)      Turns: 2406, Time: 00:19:11

Health: 0/130      AC: 34    Str: 26    XL:     12   Next: 30%
Magic:  11/11      EV:  8    Int:  5    God:    Gozag
Gold:   1299       SH:  0    Dex: 10    Spells: 11/11 levels left

rFire   + . .        b - +2 halberd (protect)
rCold   . . .        (shield currently unavailable)
rNeg    . . .        c - +1 plate armour {rF+}
rPois   .            (helmet restricted)
rElec   .            h - +0 cloak
rCorr   .            f - +0 pair of gloves
SInv    .            e - +0 pair of boots
Will    .....        (no amulet) Stlth
                     k - +2 ring of protection
HPRegen 0.41/turn    (no ring)
MPRegen 0.12/turn

%: no teleportation
@: gold aura, under a protective aura
A: horns 2, retaliatory headbutt
a: Renounce Religion, Potion Petition, Call Merchant, Bribe Branch


You were in the Dungeon.
You worshipped Gozag.
Gozag was most pleased with you.
You visited 1 branch You collected 8680 gold pieces.
You spent 4015 gold pieces at shops.
You paid 3366 gold pieces to Gozag.

Inventory:

Hand Weapons
 a - a +0 trident
 b - a +2 halberd of protection (weapon)
 s - a +1 glaive of protection
 u - the +5 demon whip "Spellbinder" {antimagic, disrupt, Will+}
   (You bought it in a shop in the Dungeon)

   Will:      It increases your willpower.
 y - a +0 glaive of holy wrath
Armour
 c - a +1 plate armour of fire resistance (worn)
 d - a +0 buckler
 e - a +0 pair of boots (worn)
 f - a +0 pair of gloves (worn)
 h - a +0 cloak (worn)
 v - the +5 plate armour of Altruism {rF+ rN++ Str+3 Int-4}
   (You bought it in a shop in the Dungeon)

   Str:       It affects your strength (+3).
   Int:       It affects your intelligence (-4).
   rF:        It protects you from fire.
   rN:        It greatly protects you from negative energy.
 z - a +0 pair of boots of stealth
Jewellery
 k - a +2 ring of protection (left hand)
Wands
 j - a wand of quicksilver (10)
Scrolls
 o - 5 scrolls of identify
 q - 2 scrolls of blinking
 r - a scroll of silence
 w - a scroll of immolation {unknown}
 B - 2 scrolls of enchant armour
Potions
 g - 2 potions of haste
 i - 2 potions of berserk rage
 l - 11 potions of curing
 m - 4 potions of might
 n - a potion of resistance
 p - 7 potions of heal wounds
 t - a potion of mutation
 x - a potion of cancellation
Miscellaneous
 A - a phantom mirror


   Skills:
 + Level 19.2 Fighting
 * Level 25.8 Polearms
 + Level 19.2 Armour
 - Level 3.6 Shields


You had 11 spell levels left.
You didn't know any spells.
Your spell library was empty.

Dungeon Overview and Level Annotations

Branches:
Dungeon (1/1)

Altars:
Cheibriados
Dithmenos
Elyvilon
Fedhas
Gozag
Hepliaklqana
Kikubaaqudgha
Makhleb
Nemelex Xobeh
Okawaru
Qazlal
Ru
Sif Muna
Trog
Uskayaw
Vehumet
Wu Jian
Xom
Yredelemnul
Zin
The Shining One
Jiyva
Lugonu

Shops:
D =*(!((**


Innate Abilities, Weirdness & Mutations

You have a pair of horns on your head.
You reflexively headbutt those who attack you in melee.


Message History

[Y]es or [N]o only, please.
Really walk into that cloud of flame? [Y]es or [N]o only, please.
Really walk into that cloud of flame? [Y]es or [N]o only, please.
Really walk into that cloud of flame?
Okay, then.
There are monsters nearby!
Really walk into that cloud of flame?
A lich comes into view.
You are engulfed in blazing flames.
You resist.
The lich shouts!
You hear a shout!
The hell knight shouts!
The rakshasa weaves an illusion.
You closely miss the rakshasa.
The fire elemental disappears in a puff of smoke! x2
You feel a bit more experienced. The rakshasa hits you with a +0 whip!
* * * LOW HITPOINT WARNING * * *
You slice the rakshasa like a ripe choko!!!
The rakshasa is severely wounded.
The deep elf pyromancer is no longer distracted by gold.
The stone giant is no longer distracted by gold.
The rakshasa hits you but does no damage.
You slash the rakshasa! You headbutt the rakshasa!
You kill the rakshasa!
The deep elf pyromancer shimmers and vanishes!
A white very ugly thing comes into view.
The white very ugly thing gurgles horribly!
You hear a deafening roar!
The hell knight is no longer distracted by gold.
The stone giant hits you.
* * * LOW HITPOINT WARNING * * *
You hear a shout!
Things that are here:
27 gold pieces; a +0 whip; a +0 robe You slice the stone giant!!
Your headbutt misses the stone giant.
The stone giant is moderately wounded.
The lich gestures wildly while chanting.
The lich seems to speed up.
The stone giant hits you!!
You die...
Your body crumbles into a pile of gold.

▓_▓.▓.▓.▓'▓.▓?▓
▓'▓.▓'▓.▓[▓.▓.▓
▓!▓.▓.▓.▓!▓.▓'▓
▓?▓.▓.▓.▓.▓.▓$▓
▓)▓.▓.▓.▓.▓.▓$▓
▓[▓.▓.▓.▓.▓.▓.▓
▓=▓.▓.▓.▓∩▓.▓$▓
▓[▓.▓.▓.▓.▓.▓.▓
▓.▓.▓.▓)▓∩▓.▓@▓
▓.▓.▓.▓.▓.▓.▓C▓
▓.▓.▓[▓.▓∩▓.▓p▓
▓)▓.▓.▓.▓.▓.▓L▓
▓.▓.▓)▓.▓∩▓.▓.▓
▓.▓.▓)▓.▓.▓.▓e▓
▓.▓.▓'▓.▓∩▓.▓u▓
▓.▓.▓.▓.▓.▓.▓.▓
▓.▓.▓.▓.▓∩▓.▓


You could see a white very ugly thing, a stone giant, a lich (fast), a hell
knight (fast) and a deep elf pyromancer.

Vanquished Creatures
  Josephine (D)
  A rakshasa (D)
  A tengu warrior (D)
  An ogre mage (D)
  A boulder beetle (D)
  A skyshark (D)
  6 orc knights (D)
  An oklob plant (D)
  6 lindwurms (D)
  4 cyclopes (D)
  An ugly thing (D)
  A black mamba (D)
  2 gargoyles (D)
  A torpor snail (D)
  An unseen horror (D)
  A komodo dragon (D)
  A polar bear (D)
  A blink frog (D)
  A dream sheep (D)
  A shadow (D)
  2 yaks (D)
  4 wraiths (D)
  A wyvern (D)
  Grum (D)
  A basilisk (D)
  A vampire mosquito (D)
  An acid dragon (D)
  20 orc warriors (D)
  An ogre (D)
  6 wolves (D)
  4 bullfrogs (D)
  A gnoll sergeant (D)
  4 orc priests (D)
  A hound (D)
  A sleepcap (D)
  3 orc wizards (D)
  An ufetubus (D)
  2 worms (D)
  7 orcs (D)
  A hobgoblin (D)
  A frilled lizard (D)
  A kobold (D)
  2 rats (D)
101 creatures vanquished.

Vanquished Creatures (others)
  A boulder beetle (D)
  A deep elf pyromancer (D)
2 creatures vanquished.

Grand Total: 103 creatures vanquished

Notes
Turn   | Place    | Note
-------+----------+-------------------------------------------
     0 | D        | Heoruswealwe the Minotaur Fighter began the quest for the
                  | Orb.
     0 | D        | Reached XP level 1. HP: 19/19 MP: 0/0
     8 | D        | Reached skill level 3 in Polearms
    19 | D        | Noticed an orc wizard
    19 | D        | Noticed a hound
    19 | D        | Noticed an ogre
    19 | D        | Noticed a sleepcap
    23 | D        | Found a snail-covered altar of Cheibriados.
    23 | D        | Found a shadowy altar of Dithmenos.
    23 | D        | Found a white marble altar of Elyvilon.
    23 | D        | Found a blossoming altar of Fedhas.
    23 | D        | Found an opulent altar of Gozag.
    24 | D        | Found a hazy altar of Hepliaklqana.
    25 | D        | Found a viscous altar of Jiyva.
    26 | D        | Found an ancient bone altar of Kikubaaqudgha.
    27 | D        | Found a corrupted altar of Lugonu.
    28 | D        | Found a burning altar of Makhleb.
    29 | D        | Found a sparkling altar of Nemelex Xobeh.
    30 | D        | Found an iron altar of Okawaru.
    31 | D        | Became a worshipper of Gozag Ym Sagoz the Greedy
    36 | D        | Killed a sleepcap
    37 | D        | Reached skill level 5 in Fighting
    37 | D        | Reached skill level 5 in Polearms
    37 | D        | Reached skill level 5 in Armour
    37 | D        | Reached XP level 2. HP: 17/29 MP: 1/1
    37 | D        | Reached XP level 3. HP: 21/36 MP: 2/2
    43 | D        | Killed an ogre
    44 | D        | Reached skill level 8 in Polearms
    44 | D        | Reached XP level 4. HP: 39/45 MP: 3/3
    46 | D        | Reached skill level 9 in Polearms
    46 | D        | Reached XP level 5. HP: 45/52 MP: 4/4
    85 | D        | Found a stormy altar of Qazlal.
    86 | D        | Found a sacrificial altar of Ru.
    87 | D        | Found a shimmering blue altar of Sif Muna.
    88 | D        | Found a bloodstained altar of Trog.
    89 | D        | Found a hide-covered altar of Uskayaw.
    90 | D        | Found a radiant altar of Vehumet.
    91 | D        | Found an ornate altar of the Wu Jian Council.
    92 | D        | Found a shimmering altar of Xom.
    93 | D        | Found a basalt altar of Yredelemnul.
    94 | D        | Found a glowing silver altar of Zin.
    95 | D        | Found a glowing golden altar of the Shining One.
   155 | D        | Noticed an acid dragon
   155 | D        | Noticed a yak
   155 | D        | Noticed a shadow
   165 | D        | Killed an unseen horror
   166 | D        | Reached skill level 12 in Polearms
   166 | D        | Reached XP level 6. HP: 56/64 MP: 5/5
   174 | D        | Killed an acid dragon
   175 | D        | Reached skill level 13 in Polearms
   175 | D        | Reached XP level 7. HP: 61/71 MP: 6/6
   183 | D        | Killed a yak
   184 | D        | Reached skill level 10 in Fighting
   184 | D        | Reached skill level 10 in Armour
   189 | D        | Reached skill level 14 in Polearms
   194 | D        | Killed a shadow
   372 | D        | Noticed a vampire mosquito
   372 | D        | Noticed a cyclops
   372 | D        | Noticed a gargoyle
   372 | D        | Noticed a green ugly thing
   372 | D        | Noticed a gargoyle
   372 | D        | Noticed a boulder beetle
   382 | D        | Killed a vampire mosquito
   383 | D        | Reached XP level 8. HP: 81/82 MP: 7/7
   388 | D        | Killed a cyclops
   389 | D        | Reached skill level 15 in Polearms
   393 | D        | Killed a green ugly thing
   394 | D        | Reached skill level 16 in Polearms
   399 | D        | Killed a gargoyle
   400 | D        | Reached skill level 17 in Polearms
   400 | D        | Reached XP level 9. HP: 33/92 MP: 8/8
   417 | D        | Killed a gargoyle
   428 | D        | Killed a boulder beetle
   429 | D        | Reached skill level 18 in Polearms
   685 | D        | Noticed a torpor snail
   691 | D        | Noticed a komodo dragon
   699 | D        | Killed a torpor snail
   708 | D        | Reached skill level 19 in Polearms
   720 | D        | Reached XP level 10. HP: 81/104 MP: 9/9
   782 | D        | Noticed a skyshark
   785 | D        | Noticed a black mamba
   798 | D        | Killed a skyshark
   799 | D        | Reached skill level 15 in Fighting
   799 | D        | Reached skill level 20 in Polearms
   799 | D        | Reached skill level 15 in Armour
   809 | D        | Killed a black mamba
   813 | D        | Noticed an oklob plant
  1031 | D        | Killed an oklob plant
  1032 | D        | Reached skill level 21 in Polearms
  1092 | D        | Noticed a lindwurm
  1092 | D        | Noticed a lindwurm
  1092 | D        | Noticed a lindwurm
  1092 | D        | Noticed a lindwurm
  1092 | D        | Noticed a lindwurm
  1095 | D        | Killed a lindwurm
  1097 | D        | Killed a lindwurm
  1099 | D        | Killed a lindwurm
  1103 | D        | Killed a lindwurm
  1104 | D        | Reached skill level 22 in Polearms
  1104 | D        | Reached XP level 11. HP: 78/115 MP: 10/10
  1105 | D        | Noticed a lindwurm
  1109 | D        | Killed a lindwurm
  1117 | D        | Killed a lindwurm
  1291 | D        | Noticed Grum
  1298 | D        | Killed Grum
  1350 | D        | Noticed Josephine
  1358 | D        | Killed Josephine
  1359 | D        | Reached skill level 23 in Polearms
  1784 | D        | Found Inegoh's Jewellery Emporium.
  1784 | D        | Noticed an orc knight
  1784 | D        | Noticed an orc knight
  1785 | D        | Noticed an orc knight
  1795 | D        | Killed an orc knight
  1800 | D        | Noticed an orc knight
  1802 | D        | Killed an orc knight
  1803 | D        | Reached skill level 24 in Polearms
  1816 | D        | Killed an orc knight
  1823 | D        | Noticed an orc knight
  1826 | D        | Killed an orc knight
  1853 | D        | Killed an orc knight
  2050 | D        | Found Kuvovotav's General Store.
  2060 | D        | Found Zyqaj's Antique Weapon Emporium.
  2064 | D        | Found Buackum's Distillery.
  2070 | D        | Noticed an orc knight
  2096 | D        | Killed an orc knight
  2151 | D        | Bought a scroll of silence for 114 gold pieces
  2157 | D        | Bought a glowing glaive for 237 gold pieces
  2159 | D        | Bought a potion of mutation for 96 gold pieces
  2159 | D        | Bought a potion of heal wounds for 60 gold pieces
  2159 | D        | Bought a potion of might for 48 gold pieces
  2159 | D        | Bought 2 potions of flight for 72 gold pieces
  2159 | D        | Bought a potion of degeneration for 12 gold pieces
  2159 | D        | Bought a potion of attraction for 36 gold pieces
  2159 | D        | Bought a potion of curing for 36 gold pieces
  2159 | D        | Bought a potion of cancellation for 96 gold pieces
  2159 | D        | Bought a potion of curing for 36 gold pieces
  2193 | D        | Bought the +5 demon whip "Spellbinder" {antimagic, disrupt,
                  | Will+} for 1404 gold pieces
  2193 | D        | Found the +5 demon whip "Spellbinder" {antimagic, disrupt,
                  | Will+}
  2193 | D        | Bought a jacinth-encrusted plate armour for 476 gold pieces
  2193 | D        | Identified the +5 plate armour of Altruism {rF+ rN++ Str+3
                  | Int-4} (You bought it in a shop in the Dungeon)
  2193 | D        | Bought a scroll labelled ROREAG YC BIES for 17 gold pieces
  2193 | D        | Bought a potion of curing for 51 gold pieces
  2193 | D        | Bought a glowing glaive for 161 gold pieces
  2193 | D        | Bought a pair of runed boots for 127 gold pieces
  2193 | D        | Bought a phantom mirror for 680 gold pieces
  2196 | D        | Bought a scroll of identify for 32 gold pieces
  2196 | D        | Bought a potion of heal wounds for 80 gold pieces
  2196 | D        | Bought a potion of might for 64 gold pieces
  2196 | D        | Bought a potion of heal wounds for 80 gold pieces
  2358 | D        | Noticed a boulder beetle
  2358 | D        | Noticed an ogre mage
  2358 | D        | Noticed a tengu warrior
  2358 | D        | Noticed a deep elf pyromancer
  2365 | D        | Noticed a deep elf pyromancer
  2367 | D        | Reached XP level 12. HP: 128/128 MP: 11/11
  2367 | D        | Noticed a rakshasa
  2370 | D        | Killed an ogre mage
  2371 | D        | Reached skill level 25 in Polearms
  2382 | D        | Killed a tengu warrior
  2386 | D        | Noticed a stone giant
  2392 | D        | Killed a boulder beetle
  2401 | D        | Noticed a lich
  2404 | D        | Killed a rakshasa
  2405 | D        | Noticed a white very ugly thing
  2406 | D        | Slain by a stone giant

Illustrated notes

Levels and vault maps discovered:
D:        linesprint [early_d, line_temple, items_1, d_10, items_2, lair_1,
          lair_end, items_3, orc_1, orc_end, items_4, d_15, swamp_1, shoals_1,
          snake_1, spider_1, d_20, vaults_1, items_5, swamp_end, shoals_end,
          snake_end, spider_end, vaults_end, d_27, items_6, zot_1, zot_end,
          crypt_end, forest_end, elf_end, slime_end, tomb_end, abyss_end,
          pan_hell_end]

Skill      XL: |  1  2  3  4  5  6  7  8  9 10 11 12 |
---------------+-------------------------------------+-----
Polearms       | 5 8 9 12 13 14 17 19 22 24 25 | 25.8
Fighting       | 5 6 7 9 11 12 14 16 18 19 | 19.2
Armour         | 5 6 7 9 11 12 14 16 18 19 | 19.2
Shields        | |  3.6

Action                     |  1- 3 |  4- 6 |  7- 9 | 10-12 || total
---------------------------+-------+-------+-------+-------++-------
  Melee: Trident           |    19 |    13 |       |       ||    32
         Headbutt          |     8 |     2 |    35 |    52 ||    97
         Halberd           |       |    19 |    98 |   271 ||   388
 Invoke: Call Merchant     |       |       |       |     4 ||     4
    Use: Scroll            |     1 |       |       |       ||     1
         Potion            |     1 |       |     3 |     4 ||     8
   Stab: Distracted        |     1 |     1 |       |     2 ||     4
 Armour: Scale mail        |     5 |     7 |       |       ||    12
         Plate armour      |       |    19 |    51 |   122 ||   192
  Dodge: Dodged            |    12 |     5 |    24 |    58 ||    99
  Block: Buckler           |     3 |     2 |       |       ||     5
